 Dungeon Crawl Stone Soup version 0.28-a0-1594-ga885d4b3d6 (webtiles) character file.

Game seed: 2044379409784826840

28 psuckher the Sneak (level 3, -1/27 HPs)
             Began as a Demonspawn Brigand on Jan 20, 2022.
             Was an Initiate of Gozag.
             Succumbed to Terence's poison
             ... on level 3 of the Dungeon.
             The game lasted 00:08:02 (1780 turns).

psuckher the Sneak (Demonspawn Brigand)             Turns: 1780, Time: 00:08:03

Health: -1/27      AC: 10    Str: 11    XL:     3   Next: 0%
Magic:  3/3        EV: 11    Int: 12    God:    Gozag
Gold:   268        SH:  0    Dex: 16    Spells: 2/2 levels left

rFire   . . .      SeeInvis .   g - +2 dagger (protect)
rCold   . . .      Faith    .   (no shield)
rNeg    . . .      Spirit   .   b - +0 robe
rPois   .          Reflect  .   (no helmet)
rElec   .          Harm     .   c - +0 cloak
rCorr   .          Rampage  .   (no gloves)
Will    .....                   (no boots)
Stlth   +++.......              (no amulet)
HPRegen 0.09/turn               (no ring)
MPRegen 0.08/turn               (no ring)

@: mighty, lethally poisoned (-1 -> -20), gold aura, under a protective aura,
attractive
A: powered by pain 1, demonic touch 1
a: Renounce Religion, Potion Petition, Call Merchant, Bribe Branch


You were on level 3 of the Dungeon.
You worshipped Gozag.
Gozag was aware of your devotion.
You visited 1 branch of the dungeon, and saw 3 of its levels.

You collected 268 gold pieces.

Inventory:

Hand Weapons
 a - a +2 dagger
 g - a +2 dagger of protection (weapon)
Missiles
 d - 8 poisoned darts (quivered)
 e - 2 curare-tipped darts
Armour
 b - a +0 robe (worn)
 c - a +0 cloak (worn)
Wands
 n - a wand of acid (11)
Scrolls
 f - a scroll of enchant armour {unknown}
 h - a scroll of amnesia {unknown}
 j - a scroll of immolation {unknown}
 k - a scroll of vulnerability {unknown}
 m - a scroll of torment {unknown}
 o - 2 scrolls of summoning {unknown}
 p - a scroll of identify {unknown}


   Skills:
 + Level 2.2 Fighting
 + Level 2.0 Short Blades
 + Level 1.9 Throwing
 + Level 0.8 Dodging
 + Level 4.3 Stealth


You had 2 spell levels left.
You didn't know any spells.
Your spell library was empty.

Dungeon Overview and Level Annotations

Branches:
Dungeon (3/15)

Altars:
Gozag


Innate Abilities, Weirdness & Mutations

You sometimes gain a little power by taking damage.
Your touch may inflict minor irresistible damage on your foes.


Message History

You hit Terence. Your touch misses Terence.
Terence is severely wounded.
You feel very sick. Terence closely misses you.
You hit Terence but do no damage.
Terence is severely wounded.
* * * LOW HITPOINT WARNING * * *
You feel very sick.
Terence hits you with a +2 short sword of venom.
* * * LOW HITPOINT WARNING * * *
You hit Terence.
You touch Terence.
Terence is almost dead.
* * * LOW HITPOINT WARNING * * *
You feel very sick. Terence barely misses you.
It was a potion of ambrosia.
You are confused.
You feel invigorated.
* * * LOW HITPOINT WARNING * * *
You feel very sick.
Terence bares his teeth.
Terence barely misses you.
It was a potion of attraction.
You feel attractive to monsters.
* * * LOW HITPOINT WARNING * * *
You feel very sick. Terence hits you but does no damage.
You are more poisoned.
It was a potion of might.
You feel very mighty all of a sudden.
You feel less invigorated.
You feel less confused.
* * * LOW HITPOINT WARNING * * *
You feel very sick. Terence hits you but does no damage.
You are more poisoned.
You hit Terence.
You kill Terence!
You die...
Your body crumbles into a pile of gold.

........###.# #.#
##......#.#.# #.#######
#..........# #........
............####....######
.........>................
........#.#.####....######
........#..... #....#
..#.###.#......#....# ###.
#.........@#### #.
###.#.....$# $ ..#......#
####......# ########


There were no monsters in sight!

Vanquished Creatures
  Terence (D:3)
  A dart slug (D:1)
  2 endoplasms (D:2)
  A giant cockroach (D:3)
  8 goblins
  4 kobolds
  5 ball pythons
  2 bats (D:1)
  3 frilled lizards (D:2)
  A rat (D:1)
28 creatures vanquished.

Vanquished Creatures (others)
  2 plants (D:1)
  3 withered plants (D:1)
5 creatures vanquished.

Grand Total: 33 creatures vanquished

Notes
Turn   | Place    | Note
-------+----------+-------------------------------------------
     0 | D:1      | psuckher the Demonspawn Brigand began the quest for the
                  | Orb.
     0 | D:1      | Reached XP level 1. HP: 16/16 MP: 1/1
   368 | D:1      | Reached skill level 4 in Stealth
   444 | D:1      | Found a faded altar of an unknown god.
   487 | D:1      | Prayed at the altar of an unknown god.
   487 | D:1      | Became a worshipper of Gozag Ym Sagoz the Greedy
   524 | D:1      | Gained mutation: Your touch may inflict minor irresistible
                  | damage on your foes. [demonic ancestry]
   524 | D:1      | Reached XP level 2. HP: 22/22 MP: 2/2
  1747 | D:3      | Gained mutation: You sometimes gain a little power by
                  | taking damage. [demonic ancestry]
  1747 | D:3      | Reached XP level 3. HP: 27/27 MP: 3/3
  1761 | D:3      | Noticed Terence
  1780 | D:3      | Killed Terence
  1780 | D:3      | Succumbed to Terence's poison

Illustrated notes

Levels and vault maps discovered:
D:1:      dpeg_arrival_connections, layout_loops_ring,
          shapermc_ecumenical_altar_flowoftime
D:2:      layout_loops_ring
D:3:      layout_basic, nicolae_overflow_crystal_walls, uniq_terence, uniq_ijyb

Skill      XL: |  1  2 |
---------------+-------+-----
Stealth        | 4 |  4.3
Short Blades   | 2 |  2.0
Fighting       | |  2.2
Throwing       | |  1.9
Dodging        | |  0.8

Action                   || total
-------------------------++-------
Melee: Dagger            ||    87
       Touch             ||     6
Throw: Dart              ||     5
  Use: Potion            ||     3
 Stab: Sleeping          ||     3
Armor: Robe              ||    18
Dodge: Dodged            ||    41

Table legend: (Time is in decaauts)
 A = Elapsed time spent in this place.
 B = Non-inter-level travel time spent in this place.
 C = Inter-level travel time spent in this place.
 D = Time resting spent in this place.
 E = Time spent auto-exploring this place.
 F = Levels seen in this place.
 G = Mean time per level.
                   A        B        C        D        E       F      G
               +--------+--------+--------+--------+--------+-----+--------+
         Total |   1770 |   1455 |    315 |      0 |      0 |   3 |  590.0 |
       Dungeon |   1770 |   1455 |    315 |      0 |      0 |   3 |  590.0 |
               +--------+--------+--------+--------+--------+-----+--------+

Top non-repeatable levels by time:
     D:1: 852 daAuts
     D:2: 849 daAuts
     D:3: 68 daAuts
